 Dungeon Crawl Stone Soup version 0.31-a0-229-g1fc7ce93e2 (webtiles) character file.

Game seed: 7340429117696809699

22 qw the Shooter (level 2, 0/17 HPs)
             Began as a Gargoyle Hexslinger on July 6, 2023.
             Slain by a quokka (3 damage)
             ... on level 1 of the Dungeon.
             The game lasted 00:00:16 (438 turns).

qw the Shooter (Gargoyle Hexslinger)                 Turns: 438, Time: 00:00:17

Health: 0/17       AC:  4    Str: 11    XL:     2   Next: 91%
Magic:  3/3        EV: 12    Int: 13    God:
Gold:   15         SH:  0    Dex: 12    Spells: 2/3 levels left

rFire   . . .        a - +1 sling
rCold   . . .        (no shield)
rNeg    + . .        c - +0 robe
rPois   inf          (no helmet)
rElec   +            (no cloak)
rCorr   .            (no gloves)
SInv    .            (no boots)
Will    .....        (no amulet)
Stlth   +            (no ring)
HPRegen 0.22/turn    (no ring)
MPRegen 0.08/turn

%: no passive effects
@: no status effects
A: sickness immunity, AC +2, negative energy resistance 1, electricity
resistance, torment resistance 1, petrification resistance
a: no special abilities


You were on level 1 of the Dungeon.
You visited 1 branch of the dungeon, and saw 1 of its levels.

You collected 35 gold pieces.
You spent 20 gold pieces at shops.


Innate Abilities, Weirdness & Mutations

You are immune to sickness and miasma.
Your stone body is resilient. (AC +2)
You are immune to poison.
You resist negative energy. (rN+)
You are resistant to electric shocks. (rElec)
You are resistant to unholy torment.
You are immune to petrification.


   Skills:
 + Level 1.8 Fighting
 - Level 3.0 Ranged Weapons
 - Level 1.5 Dodging
 - Level 1.0 Spellcasting
 - Level 2.6 Hexes


You had 2 spell levels left.
You knew the following spells:

 Your Spells              Type           Power      Damage    Failure   Level
a - Slow                  Hex            28%        N/A       10%         1

Your spell library contained the following spells:

 Spells                   Type           Power      Damage    Failure   Level
 Inner Flame              Hex/Fire       4%         N/A       43%         3
 Portal Projectile        Hex/Tloc       8%         N/A       43%         3
 Cause Fear               Hex            3%         N/A       67%         4

Inventory:

Hand Weapons
 a - a +1 sling (weapon)
Armour
 c - a +0 robe (worn)
 d - a +0 pair of gloves
 h - a +0 leather armour
Scrolls
 b - a scroll of poison
 e - a scroll of identify
Potions
 f - a potion of brilliance {unknown}
 g - a potion of heal wounds {unknown}

Dungeon Overview and Level Annotations

Branches:
Dungeon (1/15)

Altars:

Shops:
D:1 =([*


Message History

You shoot a sling bullet. The frilled lizard hisses angrily.
The sling bullet hits the frilled lizard.
You kill the frilled lizard!
Found a stone staircase leading down.
Enter note:
Enter note: A quokka comes into view.
Enter note:
Enter note: You shoot a sling bullet.
The sling bullet closely misses the quokka.
A nearby fungus withers and dies.
You shoot a sling bullet.
The sling bullet closely misses the quokka.
You shoot a sling bullet.
The sling bullet barely misses the quokka.
The quokka twitches its whiskers.
You shoot a sling bullet.
The sling bullet closely misses the quokka.
The quokka misses you.
You shoot a sling bullet.
The sling bullet closely misses the quokka.
The quokka bites you. The quokka closely misses you.
You shoot a sling bullet.
The sling bullet completely misses the quokka.
The quokka bites you.
You shoot a sling bullet.
The sling bullet barely misses the quokka.
The quokka bites you. x2
You shoot a sling bullet.
The sling bullet closely misses the quokka.
The quokka bites you.
You shoot a sling bullet.
The sling bullet hits the quokka but does no damage.
The quokka barely misses you.
You shoot a sling bullet. The sling bullet hits the quokka.
The quokka is moderately wounded.
The quokka bites you. x2
You die...

#. ..PPP..
#.#.......
##.#.PP.8..
#....PP...P
#......PP
#...... #..r.#
#..@.#
#.#####..).##.#
#....>........#
#######...##.##
#...# .# #...#
# #...#
#...##########
#...[#}..\(.}#


You could see a quokka.

Vanquished Creatures
  4 bats (D:1)
  2 endoplasms (D:1)
  A giant cockroach (D:1)
  2 goblins (D:1)
  A hobgoblin (D:1)
  3 jackals (D:1)
  A quokka (D:1)
  A frilled lizard (D:1)
  3 kobolds (D:1)
  A rat (D:1)
19 creatures vanquished.

Notes
Turn   | Place    | Note
-------+----------+-------------------------------------------
     0 | D:1      | qw the Gargoyle Hexslinger began the quest for the Orb.
     0 | D:1      | Reached XP level 1. HP: 12/12 MP: 2/2
     0 | D:1      | 0 ||| qw: Version: 0.3-a-46-gb1f654a
     0 | D:1      | 0 ||| qw: Game counter: 1714
     0 | D:1      | 0 ||| qw: Melee chars always use a shield: true
     0 | D:1      | 0 ||| qw: God list: Okawaru
     0 | D:1      | 0 ||| qw: Allow faded altars: false
     0 | D:1      | 0 ||| qw: Do Orc after clearing Dungeon:15 true
     0 | D:1      | 0 ||| qw: Do second Lair branch before Depths: true
     0 | D:1      | 0 ||| qw: Lair rune preference: random
     0 | D:1      | 0 ||| qw: Goals: Normal
     0 | D:1      | 0 ||| PLANNING D:1-11
    64 | D:1      | Found Bautz's Antique Armour Boutique.
    72 | D:1      | HP: 3/12 [hobgoblin (2)]
    74 | D:1      | Reached XP level 2. HP: 3/16 MP: 3/3
   143 | D:1      | 143 ||| SHOPLISTING cloak (94 gold, have 7).
   143 | D:1      | 143 ||| SHOPLISTING leather armour (42 gold, have 7).
   143 | D:1      | 143 ||| SHOPLISTING ring mail (84 gold, have 7).
   189 | D:1      | Found Derisaen's General Store.
   195 | D:1      | 195 ||| SHOPLISTING +0 ring mail (40 gold, have 35).
   195 | D:1      | 195 ||| SHOPLISTING +1 robe of Noon {rF- rCorr Str+3} (176
                  | gold, have 35).
   195 | D:1      | 195 ||| SHOPLISTING ring of protection from cold (250 gold,
                  | have 35).
   195 | D:1      | 195 ||| SHOPLISTING scroll of enchant armour (75 gold, have
                  | 35).
   195 | D:1      | 195 ||| BUYING scroll of identify (20 gold).
   195 | D:1      | Bought a scroll of identify for 20 gold pieces
   261 | D:1      | Found Efefamoe's Antique Weapon Shop.
   273 | D:1      | Reached skill level 3 in Ranged Weapons
   348 | D:1      | Found Fyneah's Jewellery Emporium.
   361 | D:1      | 361 ||| SHOPLISTING +4 ring of protection (396 gold, have
                  | 15).
   361 | D:1      | 361 ||| SHOPLISTING +5 ring of evasion (396 gold, have 15).
   361 | D:1      | 361 ||| SHOPLISTING amulet of reflection (330 gold, have
                  | 15).
   361 | D:1      | 361 ||| SHOPLISTING amulet of regeneration (330 gold, have
                  | 15).
   361 | D:1      | 361 ||| SHOPLISTING ring of Diage {Wiz Str+2} (453 gold,
                  | have 15).
   361 | D:1      | 361 ||| SHOPLISTING ring of ice (275 gold, have 15).
   361 | D:1      | 361 ||| SHOPLISTING ring of protection from fire (275 gold,
                  | have 15).
   438 | D:1      | HP: 3/17 [quokka (3)]
   438 | D:1      | Slain by a quokka

Levels and vault maps discovered:
D:1:      erik_arrival_triangle_huge, layout_loops_ring, serial_shops,
          nicolae_shop_advertising_works [nicolae_subvault_shop_adworks],
          nicolae_lakefront_shop, shop, shop, nicolae_shop_back_alley_shop,
          dreamdust_mushroom_princess

Skill      XL: |  1  2 |
---------------+-------+-----
Ranged Weapons | 3 |  3.0
Fighting       | |  1.8
Dodging        | |  1.5
Spellcasting   | |  1.0
Hexes          | |  2.6

Action                     || total
---------------------------++-------
   Fire: Sling             ||    79
 Armour: Robe              ||    30
  Dodge: Dodged            ||    32

Table legend:
 A = Non-vault XP
 B = Vault XP
 C = Vault XP percentage of total XP
 D = Non-vault monster count
 E = Vault monster count
 F = Vault count percentage of total count
                 A         B        C        D         E       F
            +---------+---------+-------+---------+---------+-------
      Total |      32 |       0 |   0.0 |      19 |       0 |   0.0
            +---------+---------+-------+---------+---------+-------
        D:1 |      32 |       0 |   0.0 |      19 |       0 |   0.0
            +---------+---------+-------+---------+---------+-------
